 Dungeon Crawl Stone Soup version 0.31-a0-233-g139696dc86 (webtiles) character file.

Game seed: 14295612724655968459

1521 Ge0ff the Grappler (level 8, -4/77 HPs)
             Began as an Armataur Chaos Knight on July 8, 2023.
             Was a Plaything of Xom.
             Slain by an orc warrior
             ... wielding a +0 trident of flaming
              (6 damage)
             ... on level 6 of the Dungeon.
             The game lasted 00:09:57 (7099 turns).

Ge0ff the Grappler (Armataur Chaos Knight)          Turns: 7099, Time: 00:09:58

Health: -4/77      AC: 16    Str: 26    XL:     8   Next: 54%
Magic:  8/8        EV:  7    Int: 16    God:    Xom [...*..]
Gold:   88         SH:  0    Dex:  8    Spells: 7/7 levels left

rFire   . .          .
                       - Unarmed
rCold   . . .        (no shield)
rNeg    . . .        R - +4 chain mail
rPois   .            (no helmet)
rElec   .            (no cloak)
rCorr   .            N - +0 pair of gloves
SInv    .            (no barding)
Will    .....        (no amulet) Stlth
                     D - +6 ring of strength
HPRegen 0.32/turn    (no ring)
MPRegen 0.11/turn

%: roll
@: no status effects
A: large, rugged brown scales 3, deformed body, armoured tail, roll, long
tongue, awkward tongue, stinger 1, iridescent scales 1, clever 1, robust 1
a: Renounce Religion


You were on level 6 of the Dungeon.
You worshipped Xom.
You were a favourite toy of Xom.
You visited 1 branch of the dungeon, and saw 6 of its levels.

You collected 291 gold pieces.
You spent 203 gold pieces at shops.

Inventory:

Hand Weapons
 y - a +1 rapier
 A - a +0 orcbow
 Q - a +0 broad axe of venom
 S - a +0 dagger of venom
Missiles
 g - 2 throwing nets {=F}
 w - 2 boomerangs
 Z - 37 stones (quivered)
Armour
 I - a +2 robe of positive energy
 N - a +0 pair of gloves (worn)
 R - a +4 chain mail (worn)
Jewellery
 D - a +6 ring of strength (left hand)
 E - a ring of fire
Wands
 d - a wand of digging (1)
Scrolls
 m - a scroll of revelation
 B - a scroll of poison {unknown}
 F - a scroll of fog
 G - 2 scrolls of immolation {unknown}
 H - a scroll of blinking {unknown}
 J - 3 scrolls of silence {!r}
 K - 2 scrolls of amnesia {unknown}
 O - a scroll of brand weapon {unknown}
 P - a scroll of noise {unknown}
 T - 6 scrolls of teleportation
 V - a scroll of vulnerability
 X - 6 scrolls of enchant armour {unknown}
 Y - 2 scrolls of enchant weapon
Potions
 z - a potion of haste {unknown}
 C - a potion of might {unknown}
 L - 3 potions of attraction {unknown}
 M - a potion of lignification {unknown}
 U - 4 potions of enlightenment {unknown}
Miscellaneous
 x - a piece from Xom's chessboard (15/15)


   Skills:
 - Level 4.0 Fighting
 - Level 2.0 Throwing
 - Level 5.0 Armour
 - Level 2.0 Dodging
 + Level 8.0 Unarmed Combat
 - Level 3.0 Evocations


You had 7 spell levels left.
You didn't know any spells.
Your spell library contained the following spells:

 Spells                   Type           Power      Damage    Failure   Level
 Kiss of Death            Conj/Necr      0%         2d5       75%         1
 Scorch                   Fire           0%         2d5       87%         2
 Confusing Touch          Hex            0%         N/A       98%         3
 Dispel Undead            Necr           0%         3d6       100%        4
 Flame Wave               Conj/Fire      0%         2d4       100%        4
 Fireball                 Conj/Fire      0%         3d3       100%        5
 Iskenderun's Battlesphe  Conj           0%         2d6       100%        5
 Conjure Ball Lightning   Conj/Air       0%         3x3d6     100%        6
 Summon Cactus Giant      Summ           0%         N/A       100%        6
 Orb of Destruction       Conj           0%         9d5       100%        7


Dungeon Overview and Level Annotations

Branches:
Dungeon (6/15) Zot: 26356
 Temple: D:4-7

Altars:
Ashenzari
Fedhas
Gozag
Ru
Sif Muna
Vehumet
Xom

Shops:
D:1 =**   D:6 [

Annotations:
D:4 2 transporters, t4s4d4r's ghost, amateur DEEE
D:5 exclusion: 2 doors


Innate Abilities, Weirdness & Mutations

You are completely covered in rugged brown scales. (AC +3, +7% HP)
Armour fits poorly on your strangely shaped body.
You have a long armoured tail.
You roll when moving toward enemies. (Rampage)
Your long tongue fully drains potion bottles. (2x potion effects)
Your tongue gives you trouble enunciating. (1.5x scroll delay)
Your tail ends in a venomous barb.
You are partially covered in iridescent scales. (AC +2)
Your mind is acute. (Int +4, Str/Dex -1)
You are robust. (+10% HP)


Message History

Your iron imp hits the orc warrior.
The orc warrior hits your iron imp with a +0 trident of flaming!
Your iron imp dies!
Your iron imp disappears in a puff of smoke!
Something hits you but does no damage.
The orc warrior shouts!
You closely miss something.
Your tail-slap misses something.
The orc warrior hits you from afar with a +0 trident of flaming!
The orc warrior burns you. Something hits you but does no damage.
You miss something.
The orc warrior hits you but does no damage.
Something hits you but does no damage.
You closely miss something. You hit something but do no damage.
The orc warrior barely misses you. Something hits you but does no damage.
You barely miss something.
The orc warrior hits you from afar with a +0 trident of flaming.
The orc warrior burns you.
You hear some strange, mumbled words.
Something tries to affect you, but you resist.
You hit something but do no damage.
The orc warrior hits you from afar with a +0 trident of flaming.
The orc warrior burns you. Something hits you but does no damage.
You miss something.
The orc warrior hits you from afar with a +0 trident of flaming!
The orc warrior burns you. Something hits you but does no damage.
You closely miss something.
The orc warrior hits you from afar with a +0 trident of flaming.
The orc warrior burns you.
You hear some strange, mumbled words.
A magic dart appears from out of thin air!
The magic dart hits you but does no damage.
You miss something. Your punch misses something.
The orc warrior hits you from afar with a +0 trident of flaming!
* * * LOW HITPOINT WARNING * * *
The orc warrior burns you.
* * * LOW HITPOINT WARNING * * *
Something hits you.
* * * LOW HITPOINT WARNING * * *
You miss something.
As you slowly read the scroll labelled XUVUEKKARU, it crumbles to dust.
It is a scroll of enchant weapon.
Your +0 rapier glows red for a moment.
The orc warrior hits you from afar with a +0 trident of flaming.
* * * LOW HITPOINT WARNING * * *
The orc warrior burns you.
* * * LOW HITPOINT WARNING * * *
Something hits you but does no damage. Something completely misses you.
The orc warrior hits you from afar with a +0 trident of flaming.
You die...

#..........)
##...#..#..))
##...##..#..##
##...#####...#
##...## ###.#
##...## ..#
##...#∩# ###
#5{o###o. #
#@5.# ..# #
##### ## # ..#
# #.# ... #.#
..# #.# #.#
#.# ########
#.# #.####
#......# #.#
#.....


You could see an orc warrior, a friendly iron imp (summoned) and a friendly
white imp (summoned).

Vanquished Creatures
  Grinder (D:3)
  A yak (D:5)
  A steam dragon (D:6)
  An ice beast (D:6)
  3 black bears
  An ogre (D:5)
  A centaur (D:6)
  Blork the orc (D:4)
  2 orc priests (D:6)
  A gnoll bouda (D:6)
  An iguana (D:5)
  An orc wizard (D:6)
  Natasha (thrice) (D:3)
  6 gnolls
  6 adders
  2 white imps (D:5)
  5 ufetubi
  A worm (D:4)
  3 dart slugs
  20 orcs
  7 ball pythons
  10 endoplasms
  3 giant cockroaches
  3 goblins
  9 hobgoblins
  4 jackals (D:1)
  7 bats
  3 frilled lizards
  7 kobolds
  6 rats
120 creatures vanquished.

Notes
Turn   | Place    | Note
-------+----------+-------------------------------------------
     0 | D:1      | Ge0ff the Armataur Chaos Knight began the quest for the
                  | Orb.
     0 | D:1      | Reached XP level 1. HP: 19/19 MP: 1/1
    60 | D:1      | XOM: silly message
    62 | D:1      | Reached skill level 3 in Unarmed Combat
    91 | D:1      | Reached XP level 2. HP: 25/26 MP: 2/2
   108 | D:1      | Found a faded altar of an unknown god.
   148 | D:1      | Found Teplyuklo's Jewellery Shop.
   351 | D:1      | Found Voedd's General Store.
   415 | D:1      | XOM: silly message
   595 | D:1      | Reached XP level 3. HP: 32/33 MP: 3/3
   760 | D:1      | Found Dushuid's General Store.
   772 | D:1      | You fall into a shaft and drop 1 floor!
   882 | D:1      | Bought a scroll of identify for 28 gold pieces
  1251 | D:2      | Found a radiant altar of Vehumet.
  1308 | D:2      | XOM: silly message
  1320 | D:2      | Reached skill level 4 in Unarmed Combat
  1345 | D:2      | XOM: 2-stop teleportation journey
  1460 | D:2      | XOM: 1-stop teleportation journey
  1985 | D:1      | Bought a potion of heal wounds for 70 gold pieces
  2128 | D:3      | XOM: cloud trail
  2138 | D:3      | Reached XP level 4. HP: 40/40 MP: 4/4
  2138 | D:3      | Noticed Grinder
  2149 | D:3      | Paralysed by Grinder for 2 turns
  2156 | D:3      | XOM: cleaving
  2157 | D:3      | Killed Grinder
  2158 | D:3      | Reached skill level 1 in Dodging
  2158 | D:3      | Reached skill level 5 in Unarmed Combat
  2158 | D:3      | Reached XP level 5. HP: 36/48 MP: 5/5
  2413 | D:3      | XOM: give mutations
  2413 | D:3      | Gained mutation: You are robust. (+10% HP) [Xom's grace]
  2413 | D:3      | Gained mutation: Your tail ends in a venomous barb. [Xom's
                  | grace]
  2413 | D:3      | Gained mutation: You are partially covered in iridescent
                  | scales. (AC +2) [Xom's grace]
  2413 | D:3      | Gained mutation: Your mind is acute. (Int +4, Str/Dex -1)
                  | [Xom's grace]
  2534 | D:3      | Found a blossoming altar of Fedhas.
  2588 | D:3      | XOM is BORED!
  2588 | D:3      | XOM: noise
  2590 | D:3      | Noticed Natasha
  2595 | D:3      | Killed Natasha
  2596 | D:3      | Reached XP level 6. HP: 59/59 MP: 6/6
  2696 | D:3      | Noticed Natasha
  2705 | D:3      | Killed Natasha
  2738 | D:3      | XOM: 4-stop teleportation journey
  2764 | D:3      | Found a sacrificial altar of Ru.
  2931 | D:3      | XOM: divination: detect items
  2944 | D:3      | XOM: divination: detect creatures
  3213 | D:3      | Found a blossoming altar of Fedhas.
  3353 | D:3      | XOM: god gift: 16 gold pieces
  3621 | D:3      | Found a sacrificial altar of Ru.
  3699 | D:3      | XOM is BORED!
  3699 | D:3      | XOM: noise
  3862 | D:3      | Found a blossoming altar of Fedhas.
  4074 | D:3      | Noticed Natasha
  4091 | D:3      | XOM: potion effect (berserk rage)
  4093 | D:3      | Killed Natasha
  4258 | D:1      | Bought a scroll of revelation for 105 gold pieces
  4347 | D:4      | Noticed t4s4d4r's ghost (amateur DEEE)
  4348 | D:4      | Found a transporter.
  4354 | D:4      | Noticed a small abomination
  4375 | D:4      | Found a transporter.
  4402 | D:4      | XOM: god gift: scroll labelled XOFRIT QAIPH {god gift}
  4493 | D:4      | Noticed Blork the orc
  4505 | D:4      | Killed Blork the orc
  4506 | D:4      | Reached skill level 6 in Unarmed Combat
  4553 | D:4      | Found an opulent altar of Gozag.
  5104 | D:5      | Entered Level 5 of the Dungeon
  5375 | D:5      | XOM: scenery: create altars
  5458 | D:5      | Found a broken altar of Ashenzari.
  5513 | D:5      | XOM: enchant monster (good)
  5515 | D:5      | Reached XP level 7. HP: 57/66 MP: 7/7
  6121 | D:5      | Reached skill level 7 in Unarmed Combat
  6237 | D:5      | Noticed a yak
  6246 | D:5      | Killed a yak
  6247 | D:5      | Reached skill level 1 in Throwing
  6247 | D:5      | Reached skill level 1 in Evocations
  6443 | D:6      | Found Wigal's Antique Armour Shop.
  6559 | D:6      | Reached XP level 8. HP: 67/77 MP: 8/8
  6563 | D:6      | Reached skill level 5 in Armour
  6722 | D:6      | XOM: noise
  6722 | D:6      | XOM: smoke on damage
  6767 | D:6      | XOM: silly message
  6976 | D:6      | XOM: polymorph orc warrior -> steam dragon
  6991 | D:6      | Reached skill level 8 in Unarmed Combat
  7062 | D:6      | Found a shimmering blue altar of Sif Muna.
  7075 | D:6      | XOM: summons 3 friendly demons
  7099 | D:6      | HP: 2/77 [orc warrior/+0 trident of flaming (3)]
  7099 | D:6      | Slain by an orc warrior

Illustrated notes

Levels and vault maps discovered:
D:1:      dpeg_arrival_tiny_c, layout_basic, serial_shops, shop,
          nicolae_shop_peninsula, shop, hellmonk_ecumenical_altar_arch_garden
D:2:      layout_loops_ring, basic_altar
D:3:      layout_loops_corners, lemuel_round_altar, nicolae_ru_path_of_blood,
          uniq_natasha, uniq_grinder
D:4:      layout_loops_ring, grunt_gozag_statues,
          gammafunk_ghost_abyssal_escape, uniq_blork_the_orc
D:5:      cheibrodos_two_vegetables, layout_basic, mainiacjoe_overflow_boulevard
D:6:      layout_loops_cross, nzn_overflow_gifts_of_might_and_magic,
          serial_shops, shop

Skill      XL: |  1  2  3  4  5  6  7  8 |
---------------+-------------------------+-----
Unarmed Combat | 3 4 5 6 7 8 |  8.0
Fighting       | 3 4 |  4.0
Dodging        | 1 2 |  2.0
Armour         | 3 4 5 |  5.0
Throwing       | 1 2 |  2.0
Evocations     | 2 3 |  3.0

Action                     |  1- 3 |  4- 6 |  7- 9 || total
---------------------------+-------+-------+-------++-------
  Melee: Unarmed           |   178 |   155 |   153 ||   486
         Tailslap          |    12 |    15 |    25 ||    52
         Punch             |     8 |     7 |     6 ||    21
  Evoke: Piece from Xom's  |       |     6 |     2 ||     8
    Use: Scroll            |     2 |     2 |     1 ||     5
         Potion            |       |     1 |     1 ||     2
   Stab: Paralysed         |       |     4 |       ||     4
         Confused          |       |     1 |       ||     1
 Armour: Leather armour    |    75 |     7 |       ||    82
         Chain mail        |       |    80 |   118 ||   198
  Dodge: Dodged            |    66 |    52 |    66 ||   184

Table legend: (Time is in decaauts)
 A = Elapsed time spent in this place.
 B = Non-inter-level travel time spent in this place.
 C = Inter-level travel time spent in this place.
 D = Time resting spent in this place.
 E = Time spent auto-exploring this place.
 F = Levels seen in this place.
 G = Mean time per level.
                   A        B        C        D        E       F      G
               +--------+--------+--------+--------+--------+-----+--------+
         Total |   7067 |   6725 |    342 |      0 |   5614 |   6 | 1177.8 |
       Dungeon |   7067 |   6725 |    342 |      0 |   5614 |   6 | 1177.8 |
               +--------+--------+--------+--------+--------+-----+--------+

Top non-repeatable levels by time:
     D:3: 2168 daAuts
     D:5: 1337 daAuts
     D:1: 1252 daAuts
     D:2: 847 daAuts
     D:4: 827 daAuts
     D:6: 634 daAuts
